 Dungeon Crawl Stone Soup version 0.27.1-1-g398f81649c (webtiles) character file.

Game seed: 5768972401764081054

12822 speeev33 the Cleaver (level 11, -11/104 HPs)
             Began as a Hill Orc Fighter on Sept 15, 2021.
             Was a High Priest of Okawaru.
             Killed by refrigeration
             ... invoked by Fannar
              (17 damage)
             ... on level 10 of the Dungeon.
             The game lasted 00:24:48 (12327 turns).

speeev33 the Cleaver (Hill Orc Fighter)            Turns: 12327, Time: 00:24:49

Health: -11/104    AC: 20    Str: 33    XL:     11   Next: 99%
Magic:  11/11      EV: 22    Int:  6    God:    Okawaru [*****.]
Gold:   487        SH: 13    Dex: 10    Spells: 10/10 levels left

rFire    . . .     SeeInvis .   p - +8 mace "Kihoxzas" {venom, rPois rCorr Str+4 Int-2}
rCold    . . .     Faith    .   c - +0 kite shield
rNeg     . . .     Spirit   .   h - +0 plate armour
rPois    +         Reflect  .   z - +0 helmet
rElec    .         Harm     .   m - +0 cloak
rCorr    +         Rampage  .   l - +0 pair of gloves
Will     .....                  D - +0 pair of boots
Stlth    ..........             e - amulet of the acrobat
HPRegen  0.27/turn              C - +6 ring of strength
MPRegen  0.12/turn              (no ring)

@: acrobatic
A: no striking features
a: Renounce Religion, Heroism, Finesse


You were on level 10 of the Dungeon.
You worshipped Okawaru.
Okawaru was extremely pleased with you.
You visited 2 branches of the dungeon, and saw 11 of its levels.
You also visited: Ossuary.

You collected 487 gold pieces.

Inventory:

Hand Weapons
 a - a +0 war axe of freezing
 p - the +8 mace "Kihoxzas" (weapon) {venom, rPois rCorr Str+4 Int-2}
   (You found it on level 5 of the Dungeon)

   It poisons the flesh of those it strikes.
   Str:       It affects your strength (+4).
   Int:       It affects your intelligence (-2).
   rPois:     It protects you from poison.
   rCorr:     It protects you from acid and corrosion.
Missiles
 y - 4 throwing nets (quivered)
Armour
 c - a +0 kite shield (worn)
 h - a +0 plate armour (worn)
 l - a +0 pair of gloves (worn)
 m - a +0 cloak (worn)
 z - a +0 helmet (worn)
 D - a +0 pair of boots (worn)
Jewellery
 e - an amulet of the acrobat (around neck)
 x - a ring of fire
 C - a +6 ring of strength (left hand)
Wands
 j - a wand of flame (42)
 A - a wand of iceblast (14)
Scrolls
 b - 3 scrolls of magic mapping
 f - 2 scrolls of fog
 o - a scroll of vulnerability
 q - 5 scrolls of amnesia
 r - 4 scrolls of fear
 w - 2 scrolls of enchant weapon
 B - a scroll of holy word
 F - a scroll of blinking
 G - 2 scrolls of identify
Potions
 d - 2 potions of might
 g - 2 potions of curing
 i - a potion of attraction
 n - 2 potions of ambrosia
 s - a potion of berserk rage
 t - a potion of magic
 u - a potion of flight
 v - 2 potions of cancellation
 E - a potion of mutation


   Skills:
 + Level 11.7 Fighting
 + Level 12.3 Axes
 + Level 10.8 Armour
 + Level 10.8 Shields


You had 10 spell levels left.
You didn't know any spells.
Your spell library contained the following spells:

 Spells                   Type           Power      Damage    Failure   Level
 Blink                    Tloc           N/A        N/A       100%        2
 Manifold Assault         Tloc           0%         N/A       100%        5
 Storm Form               Tmut/Air       0%         N/A       100%        7


Dungeon Overview and Level Annotations

Branches:
Dungeon (10/15)            Temple (1/1) D:5             Orc (0/2) D:10
Ossuary (visited)
   Lair: D:8-11

Altars:
Cheibriados
Dithmenos
Elyvilon
Fedhas
Gozag
Kikubaaqudgha
Makhleb
Okawaru
Qazlal
Sif Muna
Uskayaw
Vehumet
Wu Jian
Xom
The Shining One

Shops:
D:8 (

Annotations:
D:3 1 runed translucent door, Golfball's ghost, amateur TrFi
D:5 3 runed translucent doors, AttackTheMoon's ghost, amateur GnWz
D:8 2 transporters
D:10 Fannar


Message History

You close the door.
You start resting.
Fannar is nearby!
You gain the combat prowess of a mighty hero.
You fail to use your ability.
Fannar mumbles some strange words.
Fannar drains the heat from the surrounding environment!
You closely miss Fannar. You block Fannar's attack.
You miss Fannar. You bludgeon Fannar!!
Fannar is poisoned.
Fannar is moderately wounded.
Fannar glares icily.
Fannar casts a spell at you. The bolt of cold hits you!!
* * * LOW HITPOINT WARNING * * *
You hit Fannar.
Fannar looks as sick as possible!
Fannar is moderately wounded.
You block Fannar's attack.
You hit Fannar.
Fannar looks as sick as possible!
Fannar is moderately wounded.
Fannar mumbles some strange words.
You hit Fannar but do no damage.
Fannar looks as sick as possible!
Fannar is moderately wounded.
Fannar hits you but does no damage.
You closely miss Fannar.
Fannar is heavily wounded.
The ice beast hits you but does no damage.
You thump Fannar!
Fannar is heavily wounded.
Fannar gestures wildly while chanting.
Fannar drains the heat from the surrounding environment!
* * * LOW HITPOINT WARNING * * *
You block the ice beast's attack.
You feel like a meek peon again.
Fannar casts a spell.
Fannar mumbles some strange words.
The ice beast completely misses you.
Fannar mumbles some strange words.
Fannar drains the heat from the surrounding environment!
You die...

#e..# + #...#####################
.##...##.....YY.@.........#######
......#.....Y.##########........
.....+....e..# ####...####. ...
#.......# #....8....#.
##+###......## #.........#.
#...##......## #.........#.
#............# ##.........#.
#............######............
#..............................


You could see Fannar (very poisoned) and 3 ice beasts.

Vanquished Creatures
  Erolcha (D:9)
  Harold (D:8)
  A centaur warrior (D:9)
  3 two-headed ogres
  A faun (shapeshifter) (D:9)
  A cyclops (D:9)
  A hornet (D:8)
  A troll (D:6)
  3 shadows (D:10)
  A vampire (D:9)
  11 yaks
  A basilisk (D:8)
  2 wraiths
  A steam dragon (D:7)
  Menkaure (D:6)
  6 orc warriors
  A hornet zombie (D:7)
  An ice beast (D:6)
  A necrophage (D:6)
  2 sky beasts (D:7)
  3 black bears
  2 ogres (D:6)
  6 centaurs
  2 kobold brigands
  3 bullfrogs
  A gnoll sergeant (D:9)
  3 scorpions
  A wyvern zombie (D:8)
  A water moccasin skeleton (D:5)
  A killer bee (D:9)
  3 troll zombies (D:10)
  15 wights
  2 howler monkeys
  2 centaur zombies (D:8)
  A bullfrog zombie (D:6)
  2 hounds
  A gnoll shaman (D:6)
  8 orc priests
  A jelly (D:7)
  Crazy Yiuf (D:3)
  A bullfrog skeleton (D:6)
  Terence (D:3)
  Jessica (D:2)
  8 iguanas
  8 orc wizards
  Natasha (twice) (D:2)
  5 ogre zombies (D:10)
  A mummy (Ossuary)
  A howler monkey zombie (D:9)
  7 gnolls
  A howler monkey skeleton (D:7)
  7 adders
  A shadow imp (D:6)
  A white imp (D:6)
  2 ufetubi
  An adder zombie (D:5)
  An adder skeleton (D:4)
  A worm (D:3)
  4 dart slugs
  22 orcs
  3 spectral bats (Ossuary)
  8 bats
  5 endoplasms
  2 giant cockroaches
  2 goblins (D:2)
  7 hobgoblins
  3 jackals (D:2)
  15 kobolds
  4 quokkas
  5 ball pythons
  4 bat simulacra (Ossuary)
  A frilled lizard (D:1)
  12 gnoll zombies (Ossuary)
  7 goblin simulacra (Ossuary)
  3 goblin skeletons (D:10)
  5 goblin zombies
  9 hobgoblin zombies
  A jackal skeleton (D:4)
  3 kobold simulacra (Ossuary)
  8 kobold zombies (Ossuary)
  2 orc skeletons (D:10)
  16 orc zombies
  10 rats
  2 rat simulacra (Ossuary)
  2 spectral goblins (Ossuary)
  3 spectral kobolds (Ossuary)
  3 spectral rats (Ossuary)
321 creatures vanquished.

Notes
Turn   | Place    | Note
-------+----------+-------------------------------------------
     0 | D:1      | speeev33 the Hill Orc Fighter began the quest for the Orb.
     0 | D:1      | Reached XP level 1. HP: 19/19 MP: 1/1
   163 | D:1      | Found a faded altar of an unknown god.
   170 | D:1      | Reached skill level 3 in Axes
   170 | D:1      | Reached XP level 2. HP: 27/27 MP: 2/2
   365 | D:1      | Reached XP level 3. HP: 28/33 MP: 3/3
   897 | D:2      | Noticed Natasha
   903 | D:2      | Killed Natasha
   904 | D:2      | Reached XP level 4. HP: 33/40 MP: 4/4
  1352 | D:2      | Noticed Jessica
  1364 | D:2      | Killed Jessica
  1523 | D:2      | Noticed Natasha
  1529 | D:2      | Killed Natasha
  1530 | D:2      | Reached skill level 4 in Axes
  1530 | D:2      | Reached XP level 5. HP: 20/47 MP: 5/5
  2360 | D:3      | Found a runed translucent door.
  2361 | D:3      | Noticed Crazy Yiuf
  2590 | D:3      | Noticed Terence
  2601 | D:3      | Killed Terence
  2607 | D:3      | Noticed Golfball's ghost (amateur TrFi)
  2609 | D:3      | Found a runed translucent door.
  2909 | D:3      | Killed Crazy Yiuf
  3066 | D:4      | Reached skill level 5 in Fighting
  3066 | D:4      | Reached XP level 6. HP: 56/56 MP: 6/6
  3932 | D:4      | Reached skill level 5 in Axes
  3932 | D:4      | Reached skill level 5 in Armour
  3948 | D:5      | Entered Level 5 of the Dungeon
  3983 | D:5      | Reached skill level 5 in Shields
  3993 | D:5      | Found a shimmering blue altar of Sif Muna.
  4025 | D:5      | Reached XP level 7. HP: 41/61 MP: 7/7
  4195 | D:5      | Found a staircase to the Ecumenical Temple.
  4223 | D:5      | Identified the +8 mace "Kihoxzas" {venom, rPois rCorr Str+4
                  | Int-2}
  4245 | Temple   | Entered the Ecumenical Temple
  4267 | Temple   | Became a worshipper of Warmaster Okawaru
  4297 | D:5      | Reached skill level 6 in Axes
  4528 | D:5      | Found a runed translucent gate.
  4529 | D:5      | Found a runed translucent gate.
  4529 | D:5      | Found a runed translucent gate.
  4529 | D:5      | Noticed AttackTheMoon's ghost (amateur GnWz)
  4535 | D:5      | Found an opulent altar of Gozag.
  4543 | D:5      | Reached XP level 8. HP: 71/71 MP: 8/8
  4671 | D:6      | Found a blossoming altar of Fedhas.
  4738 | D:6      | Noticed a wraith
  4748 | D:6      | Killed a wraith
  4748 | D:6      | Reached * piety under Okawaru
  4815 | D:6      | Reached skill level 7 in Axes
  4976 | D:6      | Reached ** piety under Okawaru
  5030 | D:6      | Noticed Menkaure
  5033 | D:6      | Reached XP level 9. HP: 60/79 MP: 9/9
  5037 | D:6      | Killed Menkaure
  5819 | D:6      | Reached skill level 8 in Axes
  5879 | D:6      | Noticed a two-headed ogre
  5918 | D:6      | Killed a two-headed ogre
  5918 | D:6      | Reached *** piety under Okawaru
  6187 | D:6      | Noticed a troll
  6195 | D:6      | Killed a troll
  6196 | D:6      | Reached skill level 9 in Axes
  6522 | D:7      | Reached **** piety under Okawaru
  6655 | D:7      | Reached XP level 10. HP: 91/91 MP: 10/10
  7149 | D:7      | Identified the ring of Nautha {Ice Contam rCorr Int+7}
  7637 | D:7      | Found a shimmering altar of Xom.
  7639 | D:7      | Found a white marble altar of Elyvilon.
  7711 | D:8      | Found a sand-covered staircase.
  7715 | D:8      | Noticed a two-headed ogre
  7718 | Ossuary  | Entered an ossuary
  8264 | D:8      | Found a transporter.
  8281 | D:8      | Reached skill level 10 in Axes
  8293 | D:8      | Noticed Harold
  8309 | D:8      | Killed Harold
  8582 | D:8      | Reached skill level 10 in Fighting
  8753 | D:8      | Killed a two-headed ogre
  8753 | D:8      | Reached ***** piety under Okawaru
  9112 | D:8      | Found a transporter.
  9113 | D:8      | Noticed a kobold demonologist
  9121 | D:8      | Found Eggint's Antique Weapon Shoppe.
  9668 | D:9      | Reached XP level 11. HP: 89/101 MP: 11/11
  9771 | D:8      | Reached skill level 11 in Axes
 10451 | D:9      | Noticed a centaur warrior
 10463 | D:9      | Killed a centaur warrior
 10464 | D:9      | Reached skill level 10 in Armour
 10464 | D:9      | Reached skill level 10 in Shields
 10528 | D:9      | Noticed a cyclops
 10536 | D:9      | Noticed a death drake
 10542 | D:9      | Killed a cyclops
 10595 | D:9      | Noticed a faun
 10595 | D:9      | an elephant changed into a faun
 10602 | D:9      | Killed a faun
 10834 | D:9      | Noticed a two-headed ogre
 10844 | D:9      | Killed a two-headed ogre
 11185 | D:10     | Entered Level 10 of the Dungeon
 11189 | D:10     | Noticed Erolcha
 11200 | D:9      | Identified the +0 ring mail "Ytoit" {Str+2} (Okawaru gifted
                  | it to you on level 9 of the Dungeon)
 11200 | D:9      | Received a gift from Okawaru
 11262 | D:9      | Killed Erolcha
 11736 | D:10     | Reached skill level 12 in Axes
 12064 | D:10     | Found a staircase to the Orcish Mines.
 12299 | D:10     | Noticed Fannar
 12319 | D:10     | HP: 4/104 [Fannar/refrigeration (24)]
 12327 | D:10     | Killed from afar by Fannar

Illustrated notes

Levels and vault maps discovered:
D:1:      dpeg_chamrin_arrival_tetris, layout_basic,
          ebering_ecumenical_altar_petrified
D:2:      layout_basic, uniq_jessica, uniq_natasha
D:3:      layout_rooms, hellmonk_ghost_happy_afterlife, uniq_terence,
          uniq_crazy_yiuf_cottage
D:4:      layout_loops_corners, minmay_misc_feat_doors
D:5:      layout_rooms, mainiacjoe_overflow_small_starburst, temple_pool_b,
          ebering_ghost_gozag
D:6:      layout_layer_cave, mainiacjoe_overflow_catwalk, uniq_menkaure
D:7:      layout_loops_ring, gammafunk_temple_overflow_statue
D:8:      gammafunk_wand_slinger, layout_loops_cross,
          nicolae_ossuary_entry_monument, serial_shops, shop, serial_glass,
          glass_columns_a, glass_columns_b, glass_columns_b, glass_columns_a,
          grunt_ministairs_15, kennysheep_generic_room_10, uniq_harold
D:9:      minmay_chambers_of_sixes, layout_cave_pods, chequers_decorated_corner,
          nrook_mini_vaults
D:10:     layout_gridville, zombieorc2_lemuel, uniq_fannar, uniq_erolcha
Temple:   eino_narrow_crystal_temple

Skill      XL: |  1  2  3  4  5  6  7  8  9 10 11 |
---------------+----------------------------------+-----
Axes           | 3 4 5 6 7 9 10 12 | 12.3
Fighting       | 4 5 6 7 9 10 11 | 11.7
Armour         | 4 5 6 8 9 10 | 10.8
Shields        | 4 5 6 8 9 10 | 10.8

Action                   |  1- 3 |  4- 6 |  7- 9 | 10-12 || total
-------------------------+-------+-------+-------+-------++-------
Melee: War axe           |    62 |   178 |    36 |       ||   276
       Mace              |       |       |   152 |   570 ||   722
Invok: Heroism           |       |       |     1 |     2 ||     3
Evoke: Wand              |       |       |       |     5 ||     5
  Use: Scroll            |     4 |     5 |     3 |    11 ||    23
       Potion            |       |       |       |     3 ||     3
Armor: Scale mail        |    18 |       |       |       ||    18
       Plate armour      |     8 |   133 |   129 |   268 ||   538
Dodge: Dodged            |    16 |    46 |    47 |   169 ||   278
Block: Kite shield       |    32 |   110 |   123 |   370 ||   635
